 Dungeon Crawl Stone Soup version 0.29.0-13-gc9e81de378 (webtiles) character file.

Game seed: 8766373840811345500

53 SnakkuSnakku7 the Trooper (level 3, -4/30 HPs)
             Began as a Barachi Warper on Sept 9, 2022.
             Killed by nerve-wracking pain
             ... invoked by a shadow imp
             ... summoned by Natasha
              (14 damage)
             ... on level 2 of the Dungeon.
             The game lasted 00:01:38 (2283 turns).

SnakkuSnakku7 the Trooper (Barachi Warper)          Turns: 2283, Time: 00:01:38

Health: -4/30      AC:  4    Str: 14    XL:     3   Next: 87%
Magic:  6/6        EV: 11    Int: 13    God:
Gold:   72         SH:  0    Dex: 11    Spells: 6/6 levels left

rFire   . . .      SeeInvis .   a - +0 hand axe
rCold   . . .      Faith    .   (no shield)
rNeg    . . .      Spirit   .   b - +0 leather armour
rPois   .          Reflect  .   (no helmet)
rElec   .          Harm     .   k - +0 cloak
rCorr   .          Rampage  .   (no gloves)
Will    .....                   (no boots)
Stlth   +.........              (no amulet)
HPRegen 0.10/turn               (no ring)
MPRegen 0.10/turn               (no ring)

@: slow
A: amphibious, slowness 1, strong legs 1, +LOS
a: Hop


You were on level 2 of the Dungeon.
You visited 1 branch of the dungeon, and saw 2 of its levels.

You collected 72 gold pieces.

Inventory:

Hand Weapons
 a - a +0 hand axe (weapon)
Missiles
 d - 7 boomerangs of dispersal (quivered)
Armour
 b - a +0 leather armour (worn)
 k - a +0 cloak (worn)
Jewellery
 j - a +6 ring of intelligence
 l - a ring of wizardry
 p - a ring of flight
Scrolls
 c - 2 scrolls of blinking
 f - a scroll of butterflies {unknown}
 i - a scroll of magic mapping {unknown}
 n - a scroll of identify {unknown}
Potions
 e - 2 potions of lignification {unknown}
 g - a potion of haste {unknown}
 h - a potion of magic {unknown}
 m - 2 potions of heal wounds {unknown}
 o - a potion of curing {unknown}


   Skills:
 + Level 3.9 Fighting
 + Level 3.5 Axes
 - Level 1.0 Throwing
 - Level 1.2 Armour
 - Level 2.1 Dodging
 - Level 2.1 Spellcasting
 - Level 3.2 Translocations


You had 6 spell levels left.
You didn't know any spells.
Your spell library contained the following spells:

 Spells                   Type           Power      Damage    Failure   Level
 Blink                    Tloc           18%        N/A       12%         2
 Gell's Gravitas          Tloc           9%         N/A       24%         3
 Lesser Beckoning         Tloc           9%         N/A       24%         3
 Teleport Other           Tloc           9%         N/A       24%         3
 Manifold Assault         Tloc           9%         N/A       91%         5


Dungeon Overview and Level Annotations

Branches:
Dungeon (2/15)

Altars:

Annotations:
D:2 Natasha


Innate Abilities, Weirdness & Mutations

You are amphibious.
You cover ground slowly.
You can hop short distances.
You have an extended range of vision and can be seen from far away.


Message History

You hit the hobgoblin.
The hobgoblin is severely wounded.
The hobgoblin hits you. The hobgoblin barely misses you.
You hit the hobgoblin.
You kill the hobgoblin!
No target in view!
No target in view!
You now have 72 gold pieces (gained 8).
You open the door.
m - 2 ruby potions (gained 1)
You see here 2 stones.
There is an open door here.
There is an open door here.
You open the door.
There is an open door here.
A kobold comes into view. It is wielding a +0 short sword.
The kobold shouts!
A kobold is nearby!
A kobold is nearby!
The kobold hits you with a +0 short sword.
The kobold hits you but does no damage.
You closely miss the kobold. The kobold hits you but does no damage.
You hit the kobold.
You kill the kobold!
You see here a +0 short sword.
Found a stone staircase leading down.
Found a stone staircase leading up.
Natasha hisses angrily.
You aren't carrying any items that you can evoke.
Unknown command.
Found 6 gold pieces.
Natasha zaps a wand.
The bolt of light hits you!!
Ouch! That really hurt!
* * * LOW HITPOINT WARNING * * *
Natasha casts a spell. x2
There are monsters nearby!
Unknown command.
Natasha casts a spell.
The shadow imp gestures at you. Pain shoots through your body!
You die...

## ## .. .# #. .# #. ## ###
+########### #. .###...#
...........# #. .#.#.#.#
...........# #.###### ...$....
...........# #.@..5.# ........
...........# #..###h# .....<.#
...(.......# #..###.##........
...........# #......5.5.h.....
...........# #..###.##>.5.....
...........# #................
...........## ##.###......#....
...........##.##.###..##.......
#####'#######...)........##.##.


You could see Natasha and a shadow imp (summoned).

Vanquished Creatures
  2 adders (D:2)
  A worm (D:2)
  A dart slug (D:1)
  3 bats
  4 endoplasms
  A giant cockroach (D:1)
  3 goblins (D:1)
  A hobgoblin (D:2)
  4 jackals (D:1)
  2 kobolds
  A quokka (D:2)
  A ball python (D:1)
  2 frilled lizards
  2 rats (D:1)
28 creatures vanquished.

Notes
Turn   | Place    | Note
-------+----------+-------------------------------------------
     0 | D:1      | SnakkuSnakku7 the Barachi Warper began the quest for the
                  | Orb.
     0 | D:1      | Reached XP level 1. HP: 17/17 MP: 3/3
   254 | D:1      | Reached XP level 2. HP: 21/23 MP: 5/5
   283 | D:1      | Found a faded altar of an unknown god.
   932 | D:1      | Reached XP level 3. HP: 25/29 MP: 6/6
  1468 | D:2      | Noticed Natasha
  2283 | D:2      | Killed from afar by a shadow imp

Illustrated notes

Levels and vault maps discovered:
D:1:      sevenhm_arrival_forest_fort_large_4, layout_loops_ring,
          hellmonk_ecumenical_altar_heavens_door
D:2:      layout_basic, uniq_terence, uniq_natasha

Skill      XL: |  1  2 |
---------------+-------+-----
Fighting       | 3 |  3.9
Axes           | 3 |  3.5
Throwing       | |  1.0
Armour         | |  1.2
Dodging        | |  2.1
Spellcasting   | |  2.1
Translocations | |  3.2

Action                   || total
-------------------------++-------
Melee: Hand axe          ||   126
       Punch             ||     1
 Abil: Hop               ||     2
Armor: Leather armour    ||    56
Dodge: Dodged            ||    97
